 Adventure DCSS version bcrawl-1.23.1-30-gcf7fa35852 (webtiles) character file.

Game seed: 4643857137145995246

326 diana the Chopper (level 6, -1/48 HPs)
             Began as a Demonspawn Gladiator on May 30, 2020.
             Was an Initiate of Makhleb.
             Slain by a hippogriff (9 damage)
             ... on level 6 of the Dungeon.
             The game lasted 00:06:41 (5407 turns).

diana the Chopper (Demonspawn Gladiator)            Turns: 5407, Time: 00:06:42

Health: -1/48      AC:  7    Str: 16    XL:     6   Next: 24%
Magic:  6/6        EV: 11    Int: 10    God:    Makhleb [......]
Gold:   410        SH:  8    Dex: 15    Spells: 5/5 levels left
                                        Lives:  0   Deaths: 2

rFire    . . .     SeeInvis .   a - +0 war axe
rCold    . . .     Gourm    .   x - +3 buckler
rNeg     . . .     Faith    .   t - +0 ring mail
rPois    .         Spirit   .   c - +0 helmet
rElec    .         Reflect  .   (no cloak)
rCorr    .         Harm     .   (no gloves)
MR       .....                  f - +0 pair of boots
Stlth    +.........             (no amulet)
HPRegen  0.16/turn              w - ring of wizardry (curse)
MPRegen  0.10/turn              (no ring)

@: no status effects
A: powered by death 2, spiny 2
a: Renounce Religion


You were on level 6 of the Dungeon.
You worshipped Makhleb.
Makhleb was noncommittal.
You were not hungry.

You visited 2 branches of the dungeon, and saw 7 of its levels.

You collected 410 gold pieces.

Inventory:

Hand Weapons
 a - a +0 war axe (weapon)
Missiles
 d - 3 throwing nets (quivered) {!f}
Armour
 c - a +0 helmet (worn)
 f - a +0 pair of boots (worn)
 t - a +0 ring mail (worn)
 x - a +3 buckler (worn)
Jewellery
 w - a cursed ring of wizardry (left hand)
Wands
 D - a wand of enslavement (9)
 F - a wand of polymorph (7)
 G - a wand of iceblast (11)
 H - a wand of flame (17)
Scrolls
 b - 2 scrolls of fear
 g - a scroll of enchant armour
 h - a scroll of amnesia
 k - 3 scrolls of magic mapping
 l - a scroll of teleportation {unknown}
 m - a scroll of fog {unknown}
 r - 2 scrolls of remove curse {unknown}
 v - 2 scrolls of enchant weapon
 y - a scroll of immolation {unknown}
 E - a scroll of blinking {unknown}
Potions
 n - a potion of resistance {unknown}
 o - 2 potions of brilliance
 p - a potion of haste {unknown}
 q - a potion of lignification {unknown}
 s - a potion of heal wounds {unknown}
 u - a potion of cancellation {unknown}
 z - a potion of invisibility {unknown}
 A - a potion of flight {unknown}
 B - 2 potions of magic
 C - a potion of degeneration {unknown}
Comestibles
 e - 10 rations {!d}


   Skills:
 + Level 3.6 Fighting
 + Level 7.2 Axes
 - Level 1.7 Throwing
 + Level 2.4 Armour
 + Level 3.8 Dodging
 + Level 2.5 Shields


You had 5 spell levels left.
You didn't know any spells.
Your spell library contained the following spells:

 Spells                   Type           Power        Failure   Level  Hunger
 Summon Small Mammal      Summ           #...         50%         1    ##.....
 Call Imp                 Summ           #.....       65%         2    ###....
 Call Canine Familiar     Summ           #.......     86%         3    ####...
 Summon Ice Beast         Ice/Summ       #.......     99%         4    #####..
 Summon Lightning Spire   Summ/Air       #.......     100%        5    ######.


Dungeon Overview and Level Annotations

Branches:
Dungeon (6/12)             Temple (1/1) D:5

Altars:
Ashenzari
Cheibriados
Elyvilon
Fedhas
Gozag
Hepliaklqana
Kikubaaqudgha
Lugonu
Makhleb
Nemelex Xobeh
Qazlal
Ru
Sif Muna
Trog
Uskayaw
Vehumet
Wu Jian
Xom
Yredelemnul
Zin
The Shining One

Annotations:
D:6 Edmund


Innate Abilities, Weirdness & Mutations

You regenerate health from kills.
You are mostly covered in sharp spines.


Message History

You block the scorpion's attack.
You slash the hippogriff!
The hippogriff is heavily wounded.
Your shield and ring mail prevent you from hitting the scorpion.
The hippogriff is struck by your spines.
The hippogriff bites you but does no damage.
The hippogriff pecks you.
* * * LOW HITPOINT WARNING * * *
The hippogriff claws you but does no damage.
Something unseen opens the door.
The scorpion is struck by your spines. The scorpion completely misses you.
The hippogriff is struck by your spines.
The hippogriff bites you but does no damage.
The hippogriff closely misses you. The hippogriff barely misses you.
You hit the hippogriff but do no damage.
The hippogriff is severely wounded.
You hit the scorpion. You block the scorpion's attack.
The hippogriff is struck by your spines.
The hippogriff bites you!
You die...

*,**,,..*#...........#####..####!
*,,,,,,,*#.......................
,,,,,,,,..............##......#..
,,,,,,,,........###....##........
,>**,,,,,........##.........##..#
*****,,,,,..........##......##*,.
**,*,,,,#....########.....###.
*,,*,,,#######................
*,,,,,,#....s@......#.........
***,,,,#....H#..##..#.........
*,*,,#..#..#..##..###.......
***,,#.....#......##........
*,,*.....#......##........
*,,##o###########.........
**,,#.,oF#,,,+..#......#..
**,,,#..oh*,*,*,.#......##.
*,,,,*..o,+,,,*+##......#*.


You could see a hippogriff, a scorpion and an orc wizard.

Vanquished Creatures
  Grinder (D:5)
  An ice beast (D:5)
  A black bear (D:4)
  2 centaurs
  2 scorpions
  A howler monkey (D:5)
  An orc priest (D:5)
  2 hounds
  A centaur skeleton (D:5)
  4 worker ants
  Terence (D:3)
  A hound skeleton (D:6)
  Robin (D:3)
  3 howler monkey skeletons
  A howler monkey zombie (D:6)
  4 adders
  A shadow imp (D:6)
  An ooze (D:3)
  An adder zombie (D:3)
  An adder skeleton (D:5)
  6 worms
  2 dart slugs
  2 leopard geckos
  15 orcs
  A ball python (D:1)
  2 giant cockroaches
  9 goblins
  5 hobgoblins
  3 jackals (D:3)
  6 quokkas
  6 bats
  4 frilled lizards
  10 kobolds
  A quokka skeleton (D:5)
  6 rats
109 creatures vanquished.

Notes
Turn   | Place    | Note
-------+----------+-------------------------------------------
     0 | D:1      | diana the Demonspawn Gladiator began the quest for the Orb.
     0 | D:1      | Reached XP level 1. HP: 16/16 MP: 1/1
    75 | D:1      | Reached skill level 3 in Axes
   386 | D:1      | Gained mutation: You are partially covered in sharp spines.
                  | [demonic ancestry]
   386 | D:1      | Reached XP level 2. HP: 22/22 MP: 2/2
  1306 | D:2      | Found a sparkling altar of Nemelex Xobeh.
  1309 | D:2      | Found a snail-covered altar of Cheibriados.
  1312 | D:2      | Found a sacrificial altar of Ru.
  1423 | D:2      | Gained mutation: You regenerate a little health from kills.
                  | [demonic ancestry]
  1423 | D:2      | Reached XP level 3. HP: 27/27 MP: 3/3
  1532 | D:2      | Reached skill level 4 in Axes
  1877 | D:3      | Found a faded altar of an unknown god.
  2153 | D:3      | Gained mutation: You are mostly covered in sharp spines.
                  | [demonic ancestry]
  2153 | D:3      | Reached XP level 4. HP: 21/33 MP: 4/4
  2330 | D:3      | Noticed Terence
  2345 | D:3      | Killed Terence
  2406 | D:3      | Reached skill level 5 in Axes
  2429 | D:3      | Found a hide-covered altar of Uskayaw.
  2430 | D:3      | Noticed a +0 dagger
  2431 | D:3      | Noticed a -1 dagger
  2722 | D:3      | Noticed Robin
  2724 | D:3      | Reached XP level 5. HP: 38/38 MP: 5/5
  2736 | D:3      | Killed Robin
  3159 | D:4      | Noticed a black bear
  3170 | D:4      | Killed a black bear
  3170 | D:4      | Reached skill level 6 in Axes
  3170 | D:4      | Reached XP level 6. HP: 18/44 MP: 6/6
  3588 | D:5      | Entered Level 5 of the Dungeon
  3614 | D:5      | Noticed Grinder
  3875 | D:5      | Paralysed by Grinder for 2 turns
  3876 | D:5      | Noticed an ice beast
  3877 | D:5      | Killed Grinder
  3877 | D:5      | Reached skill level 1 in Armour
  3877 | D:5      | Reached skill level 1 in Shields
  3877 | D:5      | Reached XP level 7. HP: 13/51 MP: 7/7
  4259 | D:5      | Reached skill level 7 in Axes
  4355 | D:5      | Found an ornate altar of the Wu Jian Council.
  4442 | D:5      | Found a staircase to the Ecumenical Temple.
  4481 | Temple   | Entered the Ecumenical Temple
  4656 | Temple   | Became a worshipper of Makhleb the Destroyer
  5191 | D:6      | Gained mutation: You regenerate health from kills. [demonic
                  | ancestry]
  5191 | D:6      | Reached XP level 8. HP: 58/58 MP: 8/8
  5225 | D:6      | Noticed Edmund
  5235 | D:6      | Mangled by Edmund
  5236 | D:6      | Reached XP level 7. HP: -6/52 MP: 7/7
  5304 | D:6      | Noticed a troll
  5323 | D:6      | HP: 2/53 [centaur/arrow (11)]
  5328 | D:6      | Shot with an arrow by a centaur
  5329 | D:6      | Reached XP level 6. HP: -1/48 MP: 6/6
  5401 | D:6      | Noticed a hippogriff
  5407 | D:6      | Slain by a hippogriff

Skill      XL: |  1  2  3  4  5  6  7 |
---------------+----------------------+-----
Axes           | 3 4 5 6 7 |  7.2
Armour         | 1 2 |  2.4
Dodging        | 3 |  3.8
Shields        | 1 2 |  2.5
Fighting       | 3 |  3.6
Throwing       | |  1.7

Action                   |  1- 3 |  4- 6 |  7- 9 || total
-------------------------+-------+-------+-------++-------
Melee: War axe           |    83 |   100 |    76 ||   259
  Use: Scroll            |       |     6 |     1 ||     7
       Potion            |       |       |     2 ||     2
 Stab: Sleeping          |     1 |       |       ||     1
  Eat: Chunk             |     4 |     4 |     3 ||    11
       Ration            |       |       |     1 ||     1
Armor: Leather armour    |    21 |     3 |       ||    24
       Ring mail         |       |    32 |    16 ||    48
Dodge: Dodged            |    47 |    64 |    46 ||   157
Block: Buckler           |       |    20 |    31 ||    51
